WCHLSIM.com - West Coast Hockey League
html PUBLIC "-//W3C//DTD XHTML 1.0 Transitional//EN" "http://www.w3.org/TR/xhtml1/DTD/xhtml1-transitional.dtd"> WCHL - Game 178 - SAN FRANCISCO SPIDERS vs TEXAS TOROS

SAN FRANCISCO SPIDERS vs TEXAS TOROS

Created - 7 novembre 2023 at 21:53

Goals
1 2 3 T
SAN FRANCISCO SPIDERS 1 0 2 3
TEXAS TOROS 2 0 0 2
Shots
1 2 3 T
SAN FRANCISCO SPIDERS 16 11 5 32
TEXAS TOROS 3 13 9 25

1st period

1. TEXAS TOROS , Kevin Hayes 3 (Dougie Hamilton 4, Tyson Barrie 4) at 0:32
2. SAN FRANCISCO SPIDERS , Viktor Arvidsson 4 (Bo Horvat 7) at 12:10
3. TEXAS TOROS , Kevin Hayes 4 (Dougie Hamilton 5, Tyson Barrie 5) at 12:25

Penalties :
Dougie Hamilton (TEX) for Roughing (Minor) at 6:25

2nd period

No Goal

Penalties :
Miles Wood (TEX) for High sticking (Minor) at 0:15

3rd period

4. SAN FRANCISCO SPIDERS , Andrei Svechnikov 3 (Viktor Arvidsson 3, Bo Horvat 8) at 4:07
5. SAN FRANCISCO SPIDERS , Kyle Palmieri 3 (Kirby Dach 3, Trevor Moore 5) at 13:32

Penalties :
Owen Power (TEX) for High sticking (Minor) at 1:11, Jacob Middleton (SAF) for Tripping (Minor) at 4:24, Michael Anderson (SAF) for Hooking (Minor) at 8:38

Goalie Stats

Kevin Lankinen (SAF), 23 saves from 25 shots - (0,920), W, 1-0-0, 60:00 minutes
Philipp Grubauer (TEX), 29 saves from 32 shots - (0,906), L, 2-4-2, 59:06 minutes

Players Stats for SAN FRANCISCO SPIDERS

Player Name              G  A  P  +/- PIM S  H  SB GA TA FO     MP     PP MP  PK MP  
------------------------------------------------------------------------------------
Andrei Svechnikov        1  0  1   0  0   3  2  1  0  0  0/0    18:12   2:44   0:06 
Bo Horvat                0  2  2   0  0   1  0  0  0  0  12/21  20:35   2:43   2:30 
Brenden Dillon           0  0  0   1  0   0  2  1  0  0  0/0    20:32   3:14   2:00 
Dakota Joshua            0  0  0   0  0   0  0  0  0  0  5/10    7:34   0:30   0:58 
Darnell Nurse            0  0  0   2  0   2  0  0  0  0  0/0    24:18   3:14   2:20 
Eeli Tolvanen            0  0  0   0  0   0  0  1  0  0  0/0     6:06   0:00   0:00 
Jacob Middleton          0  0  0   1  2   1  3  0  0  0  0/0    17:08   0:00   0:55 
Jared McCann             0  0  0   0  0   0  0  0  0  0  0/0    18:44   3:14   0:00 
Kirby Dach               0  1  1   1  0   4  0  1  0  0  8/13   13:07   0:00   0:00 
Kyle Palmieri            1  0  1   1  0   4  0  0  0  0  0/0    13:07   0:00   0:00 
Luke Hughes              0  0  0   0  0   0  0  0  0  0  0/0    13:13   0:00   0:18 
Michael Anderson         0  0  0  -1  2   1  1  0  0  0  0/0    22:55   2:43   0:53 
Sean Durzi               0  0  0  -1  0   0  0  0  0  0  0/0    21:52   2:43   1:30 
Sebastian Aho            0  0  0   0  0   6  0  0  0  0  18/28  20:06   3:14   1:22 
Trent Frederic           0  0  0   0  0   0  0  0  0  0  0/0     6:06   0:00   0:00 
Trevor Moore             0  1  1   1  0   2  1  0  0  0  0/0    13:07   0:00   0:00 
Viktor Arvidsson         1  1  2   0  0   2  0  0  0  0  0/1    19:27   2:43   1:22 
Zach Hyman               0  0  0   0  0   6  0  0  0  0  2/4    19:51   2:43   1:38 

Players Stats for TEXAS TOROS

Player Name              G  A  P  +/- PIM S  H  SB GA TA FO     MP     PP MP  PK MP  
------------------------------------------------------------------------------------
Colin Blackwell          0  0  0   0  0   0  0  0  0  0  0/0     8:49   0:00   0:00 
Dante Fabbro             0  0  0  -2  0   0  2  2  0  0  0/0    14:53   0:00   2:13 
Danton Heinen            0  0  0   1  0   1  2  0  0  0  0/1    14:57   0:00   0:25 
Dougie Hamilton          0  2  2   2  2   1  1  4  0  0  0/0    23:26   1:39   2:14 
Jesse Ylonen             0  0  0   0  0   1  1  0  0  0  0/1    10:38   0:00   0:00 
Jonathan Toews           0  0  0   0  0   0  0  0  0  0  10/18  17:18   1:56   4:01 
Kevin Hayes              2  0  2   1  0   5  0  0  0  0  5/17   16:16   2:02   0:25 
Miles Wood               0  0  0   1  2   0  2  0  0  0  0/1    15:44   1:56   0:00 
Nate Schmidt             0  0  0  -2  0   0  1  0  0  0  0/0    11:57   0:00   0:00 
Owen Power               0  0  0  -1  2   0  0  0  0  0  0/0    21:57   2:19   1:48 
Ryan Poehling            0  0  0   0  0   3  0  0  0  0  7/14   10:20   0:00   1:31 
Ryan Suter               0  0  0  -1  0   0  2  2  0  0  0/0    23:45   2:19   2:52 
Taylor Raddysh           0  0  0  -2  0   1  1  0  0  0  0/2    18:02   1:56   0:00 
Trevor Zegras            0  0  0  -2  0   4  1  0  0  0  9/17   18:08   2:02   0:00 
Troy Terry               0  0  0  -2  0   3  0  0  0  0  1/4    22:09   2:02   4:01 
Tyson Barrie             0  2  2   2  0   1  0  2  0  0  0/0    24:00   1:39   2:47 
Tyson Foerster           0  0  0   0  0   1  5  0  0  0  0/1    11:21   0:00   0:00 
Wade Allison             0  0  0   0  0   4  1  0  0  0  0/1    10:20   0:00   1:31 

3 Stars

1 - Kevin Hayes (TEX)
2 - Viktor Arvidsson (SAF)
3 - Tyson Barrie (TEX)

Power Play

SAN FRANCISCO SPIDERS - 0 on 3 Attempt(s) - 0,00%
TEXAS TOROS - 0 on 2 Attempt(s) - 0,00%

Penalty Kill

SAN FRANCISCO SPIDERS - 2 on 2 Attempt(s) - 100,00% - Score 0 goal in Penalty Kill
TEXAS TOROS - 3 on 3 Attempt(s) - 100,00% - Score 0 goal in Penalty Kill

Team Stat

SAN FRANCISCO SPIDERS - Hits : 9 - Faceoff Wins : 45 - Blocked Shots : 4 - Penalty Minutes : 4
TEXAS TOROS - Hits : 19 - Faceoff Wins : 32 - Blocked Shots : 10 - Penalty Minutes : 6

Official

Referees : Kenny Anderson and Kevin Pollock
Linesman : Trent Knorr and Tony Sericolo

Game Notes

No Game Note

Finance

Level 1 -- Attendance: 5406 (83,17%) -- Ticket Income 919 020 $
Level 2 -- Attendance: 3906 (71,02%) -- Ticket Income 468 720 $
Level 3 -- Attendance: 2244 (74,80%) -- Ticket Income 201 960 $
Level 4 -- Attendance: 4216 (84,32%) -- Ticket Income 252 960 $
Luxury Box -- Attendance: 628 (62,80%) -- Ticket Income 251 200 $
Game was played at the Red Bull Arena.
Total Attendance: 16400 (78,10%)
Total Ticket Income: 2 093 860 $
Other Expense: 20 939 $
Total Income: 2 072 921 $

SAN FRANCISCO SPIDERS

5 vs 5 Forward 
   Center                   Left Wing                Right Wing               Time % Phy DF OF 
 1 Sebastian Aho            Jared McCann             Zach Hyman               35     0   2  3  
 2 Bo Horvat                Andrei Svechnikov        Viktor Arvidsson         35     0   2  3  
 3 Kirby Dach               Trevor Moore             Kyle Palmieri            25     0   2  3  
 4 Dakota Joshua            Trent Frederic           Eeli Tolvanen            5      0   4  1  

5 vs 5 Defense 
   Defense                  Defense                                           Time % Phy DF OF 
 1 Darnell Nurse            Jacob Middleton                                   35     0   3  2  
 2 Michael Anderson         Sean Durzi                                        35     0   3  2  
 3 Luke Hughes              Brenden Dillon                                    20     0   3  2  
 4 Darnell Nurse            Brenden Dillon                                    10     0   4  1  

PowerPlay Forward 
   Center                   Left Wing                Right Wing               Time % Phy DF OF 
 1 Sebastian Aho            Andrei Svechnikov        Jared McCann             55     0   1  4  
 2 Bo Horvat                Zach Hyman               Viktor Arvidsson         45     0   1  4  

PowerPlay Defense
   Defense                  Defense                                           Time % Phy DF OF 
 1 Darnell Nurse            Brenden Dillon                                    55     1   2  2  
 2 Michael Anderson         Sean Durzi                                        45     1   2  2  

Penalty Kill 4 Players Forward 
   Center                   Wing                     Time % Phy DF OF 
 1 Zach Hyman               Bo Horvat                55     1   2  2  
 2 Sebastian Aho            Viktor Arvidsson         45     1   2  2  

Penalty Kill 4 Players Defense
   Defense                  Defense                  Time % Phy DF OF 
 1 Darnell Nurse            Brenden Dillon           55     1   2  2  
 2 Jacob Middleton          Sean Durzi               45     1   2  2  

Penalty Kill - 3 Players Forward 
   Forward                                           Time % Phy DF OF 
 1 Zach Hyman                                        55     1   2  2  
 2 Bo Horvat                                         45     1   2  2  

Penalty Kill - 3 Players Defense
   Defense                  Defense                  Time % Phy DF OF 
 1 Darnell Nurse            Brenden Dillon           55     1   2  2  
 2 Jacob Middleton          Sean Durzi               45     1   2  2  

4 vs 4 Forward 
   Center                   Wing                     Time % Phy DF OF 
 1 Zach Hyman               Bo Horvat                55     1   2  2  
 2 Sebastian Aho            Viktor Arvidsson         45     1   2  2  

4 vs 4 Defense
   Defense                  Defense                  Time % Phy DF OF 
 1 Darnell Nurse            Brenden Dillon           55     1   2  2  
 2 Michael Anderson         Sean Durzi               45     1   2  2  

Last Minutes Offensive
   Center                   Left Wing                Right Wing               Defense                  Defense                  
   Zach Hyman               Sebastian Aho            Viktor Arvidsson         Darnell Nurse            Brenden Dillon           

Last Minutes Defensive
   Center                   Left Wing                Right Wing               Defense                  Defense                  
   Zach Hyman               Sebastian Aho            Viktor Arvidsson         Darnell Nurse            Brenden Dillon           

Goaltenders
Starting : Kevin Lankinen           
Backup : Igor Shesterkin          

Extra Forwards
Normal : Dakota Joshua, Jared McCann, Zach Hyman - PP : Dakota Joshua, Jared McCann - PK : Zach Hyman
Extra Defensemen
Normal : Michael Anderson, Jacob Middleton, Brenden Dillon - PP : Michael Anderson - PK : Jacob Middleton, Darnell Nurse
Penalty Shots
Zach Hyman, Bo Horvat, Sebastian Aho, Viktor Arvidsson, Andrei Svechnikov
Custom OT Lines Forwards
Zach Hyman, Bo Horvat, Sebastian Aho, Viktor Arvidsson, Andrei Svechnikov, Jared McCann, Dakota Joshua, Kyle Palmieri, Trevor Moore, Eeli Tolvanen
Custom OT Lines Defensemen
Darnell Nurse, Brenden Dillon, Jacob Middleton, Sean Durzi, Michael Anderson

Scratches
Erik Gudbranson (Left Forearm Injury)

TEXAS TOROS

5 vs 5 Forward 
   Center                   Left Wing                Right Wing               Time % Phy DF OF 
 1 Trevor Zegras            Taylor Raddysh           Troy Terry               36     1   1  3  
 2 Kevin Hayes              Miles Wood               Danton Heinen            31     1   1  3  
 3 Jonathan Toews           Tyson Foerster           Jesse Ylonen             23     1   2  2  
 4 Ryan Poehling            Colin Blackwell          Wade Allison             10     2   2  1  

5 vs 5 Defense 
   Defense                  Defense                                           Time % Phy DF OF 
 1 Ryan Suter               Owen Power                                        36     1   2  2  
 2 Dougie Hamilton          Tyson Barrie                                      31     1   3  1  
 3 Nate Schmidt             Dante Fabbro                                      23     2   2  1  
 4 Dougie Hamilton          Tyson Barrie                                      10     1   2  2  

PowerPlay Forward 
   Center                   Left Wing                Right Wing               Time % Phy DF OF 
 1 Trevor Zegras            Kevin Hayes              Troy Terry               55     0   1  4  
 2 Jonathan Toews           Miles Wood               Taylor Raddysh           45     0   1  4  

PowerPlay Defense
   Defense                  Defense                                           Time % Phy DF OF 
 1 Dougie Hamilton          Tyson Barrie                                      55     0   1  4  
 2 Ryan Suter               Owen Power                                        45     1   2  2  

Penalty Kill 4 Players Forward 
   Center                   Wing                     Time % Phy DF OF 
 1 Jonathan Toews           Troy Terry               55     1   2  2  
 2 Ryan Poehling            Wade Allison             45     1   2  2  

Penalty Kill 4 Players Defense
   Defense                  Defense                  Time % Phy DF OF 
 1 Dougie Hamilton          Tyson Barrie             55     1   2  2  
 2 Ryan Suter               Owen Power               45     1   2  2  

Penalty Kill - 3 Players Forward 
   Forward                                           Time % Phy DF OF 
 1 Jonathan Toews                                    55     1   2  2  
 2 Ryan Poehling                                     45     1   2  2  

Penalty Kill - 3 Players Defense
   Defense                  Defense                  Time % Phy DF OF 
 1 Dougie Hamilton          Tyson Barrie             55     1   2  2  
 2 Ryan Suter               Owen Power               45     1   2  2  

4 vs 4 Forward 
   Center                   Wing                     Time % Phy DF OF 
 1 Jonathan Toews           Troy Terry               55     1   2  2  
 2 Trevor Zegras            Taylor Raddysh           45     1   2  2  

4 vs 4 Defense
   Defense                  Defense                  Time % Phy DF OF 
 1 Dougie Hamilton          Tyson Barrie             55     1   2  2  
 2 Ryan Suter               Owen Power               45     1   2  2  

Last Minutes Offensive
   Center                   Left Wing                Right Wing               Defense                  Defense                  
   Jonathan Toews           Danton Heinen            Troy Terry               Dougie Hamilton          Tyson Barrie             

Last Minutes Defensive
   Center                   Left Wing                Right Wing               Defense                  Defense                  
   Jonathan Toews           Danton Heinen            Troy Terry               Dougie Hamilton          Tyson Barrie             

Goaltenders
Starting : Philipp Grubauer         
Backup : Daniil Tarasov           

Extra Forwards
Normal : Tyson Foerster, Ryan Poehling, Wade Allison - PP : Tyson Foerster, Ryan Poehling - PK : Wade Allison
Extra Defensemen
Normal : Nate Schmidt, Dante Fabbro, Ryan Suter - PP : Nate Schmidt - PK : Dante Fabbro, Ryan Suter
Penalty Shots
Jonathan Toews, Troy Terry, Trevor Zegras, Taylor Raddysh, Ryan Poehling
Custom OT Lines Forwards
Jonathan Toews, Troy Terry, Trevor Zegras, Taylor Raddysh, Ryan Poehling, Wade Allison, Danton Heinen, Miles Wood, Jesse Ylonen, Tyson Foerster
Custom OT Lines Defensemen
Dougie Hamilton, Tyson Barrie, Ryan Suter, Owen Power, Nate Schmidt

Scratches
Yegor Chinakhov (Healthy), Adin Hill (Right Ankle Injury)

% Time on Ice - SAN FRANCISCO SPIDERS

Lines # - Real PCT - Wanted PCT - Time Play
Normal Forward
1 - 31% - 35% - 15:30
2 - 31% - 35% - 15:22
3 - 26% - 25% - 13:07
4 - 12% - 5% - 6:06
Normal Defense
1 - 32% - 35% - 16:14
2 - 37% - 35% - 18:33
3 - 24% - 20% - 12:01
4 - 7% - 10% - 3:17
PP Forward
1 - 54% - 55% - 3:14
2 - 46% - 45% - 2:43
PP Defense
1 - 54% - 55% - 3:14
2 - 46% - 45% - 2:43
PK Forward
1 - 66% - 55% - 2:36
2 - 34% - 45% - 1:22
PK Defense
1 - 47% - 55% - 1:53
2 - 53% - 45% - 2:05
PK3 Forward
1 - 0% - 55%
2 - 0% - 45%
PK3 Defense
1 - 0% - 55%
2 - 0% - 45%
44 Forward
1 - 0% - 55%
2 - 0% - 45%
44 Defense
1 - 0% - 55%
2 - 0% - 45%
Last Minute Offensive  - 0:00
Last Minute Defensive  - 0:00
Total
Forward - 60:00
Defense - 60:00

% Time on Ice - TEXAS TOROS

Lines # - Real PCT - Wanted PCT - Time Play
Normal Forward
1 - 33% - 36% - 16:06
2 - 28% - 31% - 13:49
3 - 22% - 23% - 10:38
4 - 18% - 10% - 8:49
Normal Defense
1 - 36% - 36% - 17:51
2 - 31% - 31% - 15:25
3 - 24% - 23% - 11:57
4 - 8% - 10% - 4:09
PP Forward
1 - 51% - 55% - 2:02
2 - 49% - 45% - 1:56
PP Defense
1 - 42% - 55% - 1:39
2 - 58% - 45% - 2:19
PK Forward
1 - 68% - 55% - 4:04
2 - 32% - 45% - 1:53
PK Defense
1 - 53% - 55% - 3:09
2 - 47% - 45% - 2:48
PK3 Forward
1 - 0% - 55%
2 - 0% - 45%
PK3 Defense
1 - 0% - 55%
2 - 0% - 45%
44 Forward
1 - 0% - 55%
2 - 0% - 45%
44 Defense
1 - 0% - 55%
2 - 0% - 45%
Last Minute Offensive  - 0:43
Last Minute Defensive  - 0:00
Total
Forward - 60:00
Defense - 60:00

Play-by-Play

1st period


0:01 of 1st period - Sebastian Aho wins face-off versus Trevor Zegras in neutral zone.
0:08 of 1st period - Shot by Sebastian Aho.
0:08 of 1st period - Stopped by Philipp Grubauer with a rebound.
0:10 of 1st period - Shot by Zach Hyman.
0:10 of 1st period - Shot Blocked by Ryan Suter.
0:12 of 1st period - Shot by Jacob Middleton.
0:12 of 1st period - Shot Misses the Net.
0:14 of 1st period - Shot by Jacob Middleton.
0:14 of 1st period - Stopped by Philipp Grubauer without a rebound.
0:15 of 1st period - Kevin Hayes wins face-off versus Bo Horvat in TEXAS TOROS zone.
0:15 of 1st period - Kevin Hayes is hit by Andrei Svechnikov.
0:32 of 1st period - Shot by Kevin Hayes.
0:32 of 1st period - Goal by Kevin Hayes - SAN FRANCISCO SPIDERS : 0 - TEXAS TOROS : 1.
0:33 of 1st period - Kirby Dach wins face-off versus Jonathan Toews in neutral zone.
0:52 of 1st period - Kirby Dach is hit by Dante Fabbro.
0:56 of 1st period - Shot by Kyle Palmieri.
0:56 of 1st period - Shot Misses the Net.
1:09 of 1st period - Shot by Kyle Palmieri.
1:09 of 1st period - Stopped by Philipp Grubauer with a rebound.
1:11 of 1st period - Shot by Trevor Moore.
1:11 of 1st period - Shot Misses the Net.
1:13 of 1st period - Shot by Trevor Moore.
1:13 of 1st period - Deflect By Kirby Dach.
1:13 of 1st period - Stopped by Philipp Grubauer without a rebound.
1:14 of 1st period - Sebastian Aho wins face-off versus Trevor Zegras in TEXAS TOROS zone.
1:15 of 1st period - Shot by Zach Hyman.
1:15 of 1st period - Stopped by Philipp Grubauer without a rebound.
1:16 of 1st period - Sebastian Aho wins face-off versus Trevor Zegras in TEXAS TOROS zone.
1:31 of 1st period - Shot by Trevor Zegras.
1:31 of 1st period - Shot Misses the Net.
1:33 of 1st period - Shot by Troy Terry.
1:33 of 1st period - Shot Misses the Net.
1:35 of 1st period - Shot by Ryan Suter.
1:35 of 1st period - Shot Misses the Net.
2:10 of 1st period - Icing by Jacob Middleton.
2:11 of 1st period - Kevin Hayes wins face-off versus Sebastian Aho in SAN FRANCISCO SPIDERS zone.
2:23 of 1st period - Icing by Zach Hyman.
2:24 of 1st period - Sebastian Aho wins face-off versus Ryan Poehling in SAN FRANCISCO SPIDERS zone.
3:18 of 1st period - Michael Anderson is hit by Wade Allison and loses puck.
3:53 of 1st period - Icing by Nate Schmidt.
3:54 of 1st period - Dakota Joshua wins face-off versus Kevin Hayes in TEXAS TOROS zone.
3:54 of 1st period - Dakota Joshua is hit by Dante Fabbro.
4:52 of 1st period - Shot by Kirby Dach.
4:52 of 1st period - Deflect By Kyle Palmieri.
4:52 of 1st period - Stopped by Philipp Grubauer without a rebound.
4:53 of 1st period - Jonathan Toews wins face-off versus Sebastian Aho in TEXAS TOROS zone.
4:58 of 1st period - Sebastian Aho is hit by Tyson Foerster and loses puck.
5:05 of 1st period - Shot by Zach Hyman.
5:05 of 1st period - Stopped by Philipp Grubauer without a rebound.
5:06 of 1st period - Ryan Poehling wins face-off versus Kirby Dach in TEXAS TOROS zone.
5:35 of 1st period - Shot by Kirby Dach.
5:35 of 1st period - Stopped by Philipp Grubauer with a rebound.
6:24 of 1st period - Andrei Svechnikov is hit by Dougie Hamilton and loses puck.
6:25 of 1st period - Minor Penalty to Dougie Hamilton for Roughing.
6:26 of 1st period - Jonathan Toews wins face-off versus Sebastian Aho in TEXAS TOROS zone.
7:37 of 1st period - Shot by Zach Hyman.
7:37 of 1st period - Shot Blocked by Dante Fabbro.
7:54 of 1st period - Icing by Michael Anderson.
7:55 of 1st period - Bo Horvat wins face-off versus Jonathan Toews in SAN FRANCISCO SPIDERS zone.
8:46 of 1st period - Shot by Kyle Palmieri.
8:46 of 1st period - Deflect By Trevor Moore.
8:46 of 1st period - Stopped by Philipp Grubauer without a rebound.
8:47 of 1st period - Ryan Poehling wins face-off versus Dakota Joshua in TEXAS TOROS zone.
8:51 of 1st period - Icing by Tyson Barrie.
8:52 of 1st period - Sebastian Aho wins face-off versus Wade Allison in TEXAS TOROS zone.
8:53 of 1st period - Shot by Jared McCann.
8:53 of 1st period - Shot Misses the Net.
9:00 of 1st period - Ryan Poehling is hit by Jacob Middleton.
9:48 of 1st period - Shot by Andrei Svechnikov.
9:48 of 1st period - Stopped by Philipp Grubauer without a rebound.
9:49 of 1st period - Trevor Zegras wins face-off versus Bo Horvat in TEXAS TOROS zone.
9:55 of 1st period - Off-side.
9:56 of 1st period - Trevor Zegras wins face-off versus Bo Horvat in neutral zone.
10:07 of 1st period - Shot by Andrei Svechnikov.
10:07 of 1st period - Shot Misses the Net.
10:09 of 1st period - Shot by Michael Anderson.
10:09 of 1st period - Stopped by Philipp Grubauer without a rebound.
10:10 of 1st period - Kirby Dach wins face-off versus Jonathan Toews in TEXAS TOROS zone.
10:21 of 1st period - Shot by Kyle Palmieri.
10:21 of 1st period - Stopped by Philipp Grubauer with a rebound.
10:47 of 1st period - Shot by Kirby Dach.
10:47 of 1st period - Shot Misses the Net.
11:08 of 1st period - Icing by Ryan Suter.
11:09 of 1st period - Jonathan Toews wins face-off versus Sebastian Aho in TEXAS TOROS zone.
11:11 of 1st period - Icing by Owen Power.
11:12 of 1st period - Jonathan Toews wins face-off versus Zach Hyman in TEXAS TOROS zone.
11:30 of 1st period - Zach Hyman is hit by Trevor Zegras and loses puck.
12:10 of 1st period - Shot by Viktor Arvidsson.
12:10 of 1st period - Goal by Viktor Arvidsson - SAN FRANCISCO SPIDERS : 1 - TEXAS TOROS : 1.
12:11 of 1st period - Bo Horvat wins face-off versus Kevin Hayes in neutral zone.
12:21 of 1st period - Kevin Hayes is hit by Jacob Middleton.
12:25 of 1st period - Shot by Kevin Hayes.
12:25 of 1st period - Goal by Kevin Hayes - SAN FRANCISCO SPIDERS : 1 - TEXAS TOROS : 2.
12:26 of 1st period - Ryan Poehling wins face-off versus Kirby Dach in neutral zone.
12:55 of 1st period - Shot by Ryan Poehling.
12:55 of 1st period - Stopped by Kevin Lankinen without a rebound.
12:56 of 1st period - Trevor Zegras wins face-off versus Bo Horvat in SAN FRANCISCO SPIDERS zone.
12:57 of 1st period - Shot by Troy Terry.
12:57 of 1st period - Shot Blocked by Andrei Svechnikov.
13:23 of 1st period - Shot by Viktor Arvidsson.
13:23 of 1st period - Shot Misses the Net.
13:25 of 1st period - Shot by Bo Horvat.
13:25 of 1st period - Shot Blocked by Dougie Hamilton.
13:27 of 1st period - Shot by Viktor Arvidsson.
13:27 of 1st period - Stopped by Philipp Grubauer without a rebound.
13:28 of 1st period - Sebastian Aho wins face-off versus Kevin Hayes in TEXAS TOROS zone.
13:35 of 1st period - Shot by Sebastian Aho.
13:35 of 1st period - Stopped by Philipp Grubauer without a rebound.
13:36 of 1st period - Sebastian Aho wins face-off versus Kevin Hayes in TEXAS TOROS zone.
15:01 of 1st period - Shot by Viktor Arvidsson.
15:01 of 1st period - Shot Blocked by Tyson Barrie.
15:33 of 1st period - Shot by Kirby Dach.
15:33 of 1st period - Stopped by Philipp Grubauer without a rebound.
15:34 of 1st period - Dakota Joshua wins face-off versus Jonathan Toews in TEXAS TOROS zone.
15:34 of 1st period - Eeli Tolvanen is hit by Nate Schmidt and loses puck.
16:34 of 1st period - Owen Power is hit by Brenden Dillon and loses puck.
16:40 of 1st period - Icing by Dakota Joshua.
16:41 of 1st period - Trevor Zegras wins face-off versus Dakota Joshua in SAN FRANCISCO SPIDERS zone.
16:43 of 1st period - Troy Terry is hit by Brenden Dillon and loses puck.
17:28 of 1st period - Shot by Jared McCann.
17:28 of 1st period - Shot Misses the Net.
17:52 of 1st period - Shot by Kevin Hayes.
17:52 of 1st period - Shot Misses the Net.
18:05 of 1st period - Off-side.
18:06 of 1st period - Bo Horvat wins face-off versus Jonathan Toews in neutral zone.
18:56 of 1st period - Off-side.
18:57 of 1st period - Kevin Hayes wins face-off versus Kirby Dach in neutral zone.
19:20 of 1st period - Shot by Kirby Dach.
19:20 of 1st period - Shot Blocked by Ryan Suter.
19:34 of 1st period - Shot by Kyle Palmieri.
19:34 of 1st period - Deflect By Kirby Dach.
19:34 of 1st period - Shot Misses the Net.
Goals for this period are 1 for SAN FRANCISCO SPIDERS vs 2 for TEXAS TOROS.
Shots for this period are 16 for SAN FRANCISCO SPIDERS vs 3 for TEXAS TOROS.

2nd period


0:01 of 2nd period - Trevor Zegras wins face-off versus Bo Horvat in neutral zone.
0:14 of 2nd period - Shot by Troy Terry.
0:14 of 2nd period - Stopped by Kevin Lankinen without a rebound.
0:15 of 2nd period - Sebastian Aho wins face-off versus Danton Heinen in SAN FRANCISCO SPIDERS zone.
0:15 of 2nd period - Minor Penalty to Miles Wood for High sticking.
0:16 of 2nd period - Jonathan Toews wins face-off versus Sebastian Aho in TEXAS TOROS zone.
0:59 of 2nd period - Ryan Poehling is hit by Andrei Svechnikov and loses puck.
1:32 of 2nd period - Icing by Sean Durzi.
1:33 of 2nd period - Troy Terry wins face-off versus Bo Horvat in SAN FRANCISCO SPIDERS zone.
2:17 of 2nd period - Icing by Brenden Dillon.
2:18 of 2nd period - Kirby Dach wins face-off versus Kevin Hayes in SAN FRANCISCO SPIDERS zone.
2:43 of 2nd period - Shot by Kirby Dach.
2:43 of 2nd period - Stopped by Philipp Grubauer without a rebound.
2:44 of 2nd period - Ryan Poehling wins face-off versus Dakota Joshua in TEXAS TOROS zone.
3:47 of 2nd period - Shot by Trevor Zegras.
3:47 of 2nd period - Stopped by Kevin Lankinen without a rebound.
3:48 of 2nd period - Sebastian Aho wins face-off versus Miles Wood in SAN FRANCISCO SPIDERS zone.
3:50 of 2nd period - Icing by Jared McCann.
3:51 of 2nd period - Trevor Zegras wins face-off versus Sebastian Aho in SAN FRANCISCO SPIDERS zone.
4:24 of 2nd period - Shot by Taylor Raddysh.
4:24 of 2nd period - Stopped by Kevin Lankinen with a rebound.
4:26 of 2nd period - Shot by Troy Terry.
4:26 of 2nd period - Stopped by Kevin Lankinen without a rebound.
4:27 of 2nd period - Bo Horvat wins face-off versus Kevin Hayes in SAN FRANCISCO SPIDERS zone.
4:43 of 2nd period - Andrei Svechnikov is hit by Ryan Suter and loses puck.
4:52 of 2nd period - Shot by Kevin Hayes.
4:52 of 2nd period - Stopped by Kevin Lankinen with a rebound.
5:05 of 2nd period - Icing by Ryan Suter.
5:06 of 2nd period - Sebastian Aho wins face-off versus Kevin Hayes in TEXAS TOROS zone.
5:06 of 2nd period - Sebastian Aho is hit by Ryan Suter.
5:24 of 2nd period - Shot by Zach Hyman.
5:24 of 2nd period - Deflect By Sebastian Aho.
5:24 of 2nd period - Stopped by Philipp Grubauer with a rebound.
6:33 of 2nd period - Shot by Kyle Palmieri.
6:33 of 2nd period - Shot Misses the Net.
7:03 of 2nd period - Icing by Dougie Hamilton.
7:04 of 2nd period - Trevor Zegras wins face-off versus Dakota Joshua in TEXAS TOROS zone.
7:23 of 2nd period - Shot by Eeli Tolvanen.
7:23 of 2nd period - Shot Misses the Net.
7:41 of 2nd period - Shot by Jesse Ylonen.
7:41 of 2nd period - Stopped by Kevin Lankinen with a rebound.
8:16 of 2nd period - Shot by Bo Horvat.
8:16 of 2nd period - Shot Blocked by Dante Fabbro.
8:18 of 2nd period - Shot by Andrei Svechnikov.
8:18 of 2nd period - Shot Misses the Net.
8:20 of 2nd period - Shot by Darnell Nurse.
8:20 of 2nd period - Stopped by Philipp Grubauer without a rebound.
8:21 of 2nd period - Sebastian Aho wins face-off versus Ryan Poehling in TEXAS TOROS zone.
8:57 of 2nd period - Shot by Wade Allison.
8:57 of 2nd period - Stopped by Kevin Lankinen with a rebound.
9:34 of 2nd period - Tyson Barrie is hit by Jacob Middleton and loses puck.
11:16 of 2nd period - Icing by Luke Hughes.
11:17 of 2nd period - Kirby Dach wins face-off versus Tyson Foerster in SAN FRANCISCO SPIDERS zone.
11:50 of 2nd period - Zach Hyman is hit by Jesse Ylonen.
11:58 of 2nd period - Shot by Jared McCann.
11:58 of 2nd period - Shot Misses the Net.
12:00 of 2nd period - Shot by Sebastian Aho.
12:00 of 2nd period - Stopped by Philipp Grubauer without a rebound.
12:01 of 2nd period - Bo Horvat wins face-off versus Ryan Poehling in TEXAS TOROS zone.
12:23 of 2nd period - Shot by Wade Allison.
12:23 of 2nd period - Stopped by Kevin Lankinen without a rebound.
12:24 of 2nd period - Sebastian Aho wins face-off versus Kevin Hayes in SAN FRANCISCO SPIDERS zone.
12:24 of 2nd period - Sebastian Aho is hit by Danton Heinen.
12:37 of 2nd period - Shot by Sebastian Aho.
12:37 of 2nd period - Stopped by Philipp Grubauer with a rebound.
12:43 of 2nd period - Shot by Zach Hyman.
12:43 of 2nd period - Shot Blocked by Dougie Hamilton.
13:38 of 2nd period - Shot by Taylor Raddysh.
13:38 of 2nd period - Shot Misses the Net.
13:50 of 2nd period - Shot by Taylor Raddysh.
13:50 of 2nd period - Shot Misses the Net.
13:53 of 2nd period - Icing by Darnell Nurse.
13:54 of 2nd period - Bo Horvat wins face-off versus Jonathan Toews in SAN FRANCISCO SPIDERS zone.
13:54 of 2nd period - Bo Horvat is hit by Tyson Foerster.
14:13 of 2nd period - Icing by Jacob Middleton.
14:14 of 2nd period - Bo Horvat wins face-off versus Ryan Poehling in SAN FRANCISCO SPIDERS zone.
14:37 of 2nd period - Shot by Zach Hyman.
14:37 of 2nd period - Stopped by Philipp Grubauer without a rebound.
14:38 of 2nd period - Trevor Zegras wins face-off versus Sebastian Aho in TEXAS TOROS zone.
14:58 of 2nd period - Icing by Sebastian Aho.
14:59 of 2nd period - Sebastian Aho wins face-off versus Kevin Hayes in SAN FRANCISCO SPIDERS zone.
15:16 of 2nd period - Shot by Zach Hyman.
15:16 of 2nd period - Deflect By Jared McCann.
15:16 of 2nd period - Shot Blocked by Dougie Hamilton.
16:22 of 2nd period - Shot by Taylor Raddysh.
16:22 of 2nd period - Shot Misses the Net.
16:43 of 2nd period - Icing by Brenden Dillon.
16:44 of 2nd period - Jonathan Toews wins face-off versus Viktor Arvidsson in SAN FRANCISCO SPIDERS zone.
17:03 of 2nd period - Shot by Tyson Foerster.
17:03 of 2nd period - Stopped by Kevin Lankinen without a rebound.
17:04 of 2nd period - Sebastian Aho wins face-off versus Ryan Poehling in SAN FRANCISCO SPIDERS zone.
17:11 of 2nd period - Icing by Ryan Poehling.
17:12 of 2nd period - Sebastian Aho wins face-off versus Ryan Poehling in TEXAS TOROS zone.
17:21 of 2nd period - Shot by Sebastian Aho.
17:21 of 2nd period - Shot Misses the Net.
17:23 of 2nd period - Shot by Zach Hyman.
17:23 of 2nd period - Stopped by Philipp Grubauer with a rebound.
17:35 of 2nd period - Shot by Sebastian Aho.
17:35 of 2nd period - Stopped by Philipp Grubauer with a rebound.
17:37 of 2nd period - Shot by Jared McCann.
17:37 of 2nd period - Deflect By Sebastian Aho.
17:37 of 2nd period - Shot Blocked by Tyson Barrie.
17:45 of 2nd period - Shot by Zach Hyman.
17:45 of 2nd period - Stopped by Philipp Grubauer without a rebound.
17:46 of 2nd period - Kirby Dach wins face-off versus Jesse Ylonen in TEXAS TOROS zone.
17:54 of 2nd period - Off-side.
17:55 of 2nd period - Bo Horvat wins face-off versus Trevor Zegras in neutral zone.
18:11 of 2nd period - Shot by Trevor Zegras.
18:11 of 2nd period - Stopped by Kevin Lankinen without a rebound.
18:12 of 2nd period - Kevin Hayes wins face-off versus Sebastian Aho in SAN FRANCISCO SPIDERS zone.
18:23 of 2nd period - Shot by Danton Heinen.
18:23 of 2nd period - Stopped by Kevin Lankinen with a rebound.
18:25 of 2nd period - Shot by Kevin Hayes.
18:25 of 2nd period - Stopped by Kevin Lankinen without a rebound.
18:26 of 2nd period - Jonathan Toews wins face-off versus Bo Horvat in SAN FRANCISCO SPIDERS zone.
18:55 of 2nd period - Shot by Bo Horvat.
18:55 of 2nd period - Stopped by Philipp Grubauer without a rebound.
18:56 of 2nd period - Sebastian Aho wins face-off versus Taylor Raddysh in TEXAS TOROS zone.
19:03 of 2nd period - Shot by Zach Hyman.
19:03 of 2nd period - Stopped by Philipp Grubauer without a rebound.
19:04 of 2nd period - Kirby Dach wins face-off versus Kevin Hayes in TEXAS TOROS zone.
19:43 of 2nd period - Shot by Kevin Hayes.
19:43 of 2nd period - Stopped by Kevin Lankinen without a rebound.
19:44 of 2nd period - Bo Horvat wins face-off versus Troy Terry in SAN FRANCISCO SPIDERS zone.
Goals for this period are 0 for SAN FRANCISCO SPIDERS vs 0 for TEXAS TOROS.
Shots for this period are 11 for SAN FRANCISCO SPIDERS vs 13 for TEXAS TOROS.

3rd period


0:01 of 3rd period - Zach Hyman wins face-off versus Taylor Raddysh in neutral zone.
0:21 of 3rd period - Shot by Trevor Zegras.
0:21 of 3rd period - Shot Misses the Net.
0:23 of 3rd period - Shot by Dougie Hamilton.
0:23 of 3rd period - Shot Misses the Net.
0:25 of 3rd period - Shot by Troy Terry.
0:25 of 3rd period - Shot Misses the Net.
0:27 of 3rd period - Shot by Tyson Barrie.
0:27 of 3rd period - Shot Misses the Net.
0:29 of 3rd period - Shot by Trevor Zegras.
0:29 of 3rd period - Stopped by Kevin Lankinen without a rebound.
0:30 of 3rd period - Jonathan Toews wins face-off versus Bo Horvat in SAN FRANCISCO SPIDERS zone.
0:44 of 3rd period - Shot by Jonathan Toews.
0:44 of 3rd period - Shot Misses the Net.
0:46 of 3rd period - Shot by Owen Power.
0:46 of 3rd period - Shot Misses the Net.
1:11 of 3rd period - Minor Penalty to Owen Power for High sticking.
1:12 of 3rd period - Sebastian Aho wins face-off versus Ryan Poehling in TEXAS TOROS zone.
1:37 of 3rd period - Shot by Darnell Nurse.
1:37 of 3rd period - Stopped by Philipp Grubauer with a rebound.
3:14 of 3rd period - Shot by Kirby Dach.
3:14 of 3rd period - Shot Misses the Net.
3:39 of 3rd period - Shot by Trevor Moore.
3:39 of 3rd period - Stopped by Philipp Grubauer without a rebound.
3:40 of 3rd period - Ryan Poehling wins face-off versus Dakota Joshua in TEXAS TOROS zone.
3:53 of 3rd period - Shot by Wade Allison.
3:53 of 3rd period - Shot Blocked by Eeli Tolvanen.
3:55 of 3rd period - Shot by Ryan Poehling.
3:55 of 3rd period - Shot Misses the Net.
3:57 of 3rd period - Shot by Ryan Poehling.
3:57 of 3rd period - Shot Misses the Net.
3:59 of 3rd period - Shot by Wade Allison.
3:59 of 3rd period - Stopped by Kevin Lankinen without a rebound.
4:00 of 3rd period - Bo Horvat wins face-off versus Trevor Zegras in SAN FRANCISCO SPIDERS zone.
4:07 of 3rd period - Shot by Andrei Svechnikov.
4:07 of 3rd period - Goal by Andrei Svechnikov - SAN FRANCISCO SPIDERS : 2 - TEXAS TOROS : 2.
4:08 of 3rd period - Kevin Hayes wins face-off versus Sebastian Aho in neutral zone.
4:24 of 3rd period - Minor Penalty to Jacob Middleton for Tripping.
4:25 of 3rd period - Zach Hyman wins face-off versus Trevor Zegras in SAN FRANCISCO SPIDERS zone.
6:11 of 3rd period - Viktor Arvidsson is hit by Miles Wood and loses puck.
6:51 of 3rd period - Shot by Ryan Poehling.
6:51 of 3rd period - Stopped by Kevin Lankinen without a rebound.
6:52 of 3rd period - Dakota Joshua wins face-off versus Jonathan Toews in SAN FRANCISCO SPIDERS zone.
6:52 of 3rd period - Dakota Joshua is hit by Tyson Foerster.
6:55 of 3rd period - Icing by Trent Frederic.
6:56 of 3rd period - Dakota Joshua wins face-off versus Troy Terry in SAN FRANCISCO SPIDERS zone.
7:11 of 3rd period - Shot by Trevor Zegras.
7:11 of 3rd period - Shot Misses the Net.
7:13 of 3rd period - Shot by Dougie Hamilton.
7:13 of 3rd period - Stopped by Kevin Lankinen without a rebound.
7:14 of 3rd period - Ryan Poehling wins face-off versus Zach Hyman in SAN FRANCISCO SPIDERS zone.
7:19 of 3rd period - Shot by Wade Allison.
7:19 of 3rd period - Deflect By Ryan Poehling.
7:19 of 3rd period - Shot Misses the Net.
7:21 of 3rd period - Shot by Ryan Poehling.
7:21 of 3rd period - Stopped by Kevin Lankinen without a rebound.
7:22 of 3rd period - Jonathan Toews wins face-off versus Sebastian Aho in SAN FRANCISCO SPIDERS zone.
7:46 of 3rd period - Tyson Foerster is hit by Michael Anderson and loses puck.
8:38 of 3rd period - Minor Penalty to Michael Anderson for Hooking.
8:39 of 3rd period - Dakota Joshua wins face-off versus Troy Terry in SAN FRANCISCO SPIDERS zone.
9:58 of 3rd period - Shot by Zach Hyman.
9:58 of 3rd period - Shot Blocked by Dougie Hamilton.
10:38 of 3rd period - Shot by Trevor Zegras.
10:38 of 3rd period - Shot Misses the Net.
11:05 of 3rd period - Icing by Michael Anderson.
11:06 of 3rd period - Kirby Dach wins face-off versus Jonathan Toews in SAN FRANCISCO SPIDERS zone.
11:17 of 3rd period - Shot by Kirby Dach.
11:17 of 3rd period - Shot Misses the Net.
12:21 of 3rd period - Shot by Troy Terry.
12:21 of 3rd period - Shot Misses the Net.
12:23 of 3rd period - Shot by Troy Terry.
12:23 of 3rd period - Deflect By Trevor Zegras.
12:23 of 3rd period - Stopped by Kevin Lankinen without a rebound.
12:24 of 3rd period - Bo Horvat wins face-off versus Kevin Hayes in SAN FRANCISCO SPIDERS zone.
12:24 of 3rd period - Bo Horvat is hit by Danton Heinen.
12:27 of 3rd period - Andrei Svechnikov is hit by Miles Wood and loses puck.
12:57 of 3rd period - Shot by Andrei Svechnikov.
12:57 of 3rd period - Deflect By Bo Horvat.
12:57 of 3rd period - Shot Misses the Net.
13:01 of 3rd period - Shot by Bo Horvat.
13:01 of 3rd period - Shot Misses the Net.
13:03 of 3rd period - Shot by Viktor Arvidsson.
13:03 of 3rd period - Shot Misses the Net.
13:22 of 3rd period - Icing by Ryan Suter.
13:23 of 3rd period - Kirby Dach wins face-off versus Kevin Hayes in TEXAS TOROS zone.
13:30 of 3rd period - Shot by Kyle Palmieri.
13:30 of 3rd period - Shot Misses the Net.
13:32 of 3rd period - Shot by Kyle Palmieri.
13:32 of 3rd period - Goal by Kyle Palmieri - SAN FRANCISCO SPIDERS : 3 - TEXAS TOROS : 2.
13:33 of 3rd period - Sebastian Aho wins face-off versus Trevor Zegras in neutral zone.
14:08 of 3rd period - Shot by Troy Terry.
14:08 of 3rd period - Shot Blocked by Brenden Dillon.
14:10 of 3rd period - Shot by Tyson Barrie.
14:10 of 3rd period - Shot Misses the Net.
14:12 of 3rd period - Shot by Troy Terry.
14:12 of 3rd period - Stopped by Kevin Lankinen with a rebound.
14:14 of 3rd period - Shot by Tyson Barrie.
14:14 of 3rd period - Stopped by Kevin Lankinen without a rebound.
14:15 of 3rd period - Jonathan Toews wins face-off versus Bo Horvat in SAN FRANCISCO SPIDERS zone.
14:38 of 3rd period - Shot by Andrei Svechnikov.
14:38 of 3rd period - Stopped by Philipp Grubauer without a rebound.
14:39 of 3rd period - Ryan Poehling wins face-off versus Kirby Dach in TEXAS TOROS zone.
14:48 of 3rd period - Shot by Wade Allison.
14:48 of 3rd period - Shot Blocked by Kirby Dach.
15:13 of 3rd period - Shot by Wade Allison.
15:13 of 3rd period - Stopped by Kevin Lankinen without a rebound.
15:14 of 3rd period - Bo Horvat wins face-off versus Trevor Zegras in SAN FRANCISCO SPIDERS zone.
16:03 of 3rd period - Darnell Nurse is hit by Taylor Raddysh and loses puck.
17:33 of 3rd period - Michael Anderson is hit by Tyson Foerster and loses puck.
18:18 of 3rd period - Brenden Dillon is hit by Tyson Foerster.
18:25 of 3rd period - Icing by Brenden Dillon.
18:26 of 3rd period - Trevor Zegras wins face-off versus Kirby Dach in SAN FRANCISCO SPIDERS zone.
18:35 of 3rd period - Troy Terry is hit by Trevor Moore and loses puck.
19:06 of 3rd period - TEXAS TOROS, Philipp Grubauer is pulled from the net.
Goals for this period are 2 for SAN FRANCISCO SPIDERS vs 0 for TEXAS TOROS.
Shots for this period are 5 for SAN FRANCISCO SPIDERS vs 9 for TEXAS TOROS.


BLAKE
WHEELER
STEVEN
STAMKOS
DREW
DOUGHTY

EAST COAST

HOCKEY LEAGUE

  • 63.RHI2PIT5
  • 64.WOR4ATL3
  • 65.QUECHW
  • 66.CHATRV